 Dungeon Crawl Stone Soup version 0.30-b1-2-g02819fbbbe (webtiles) character file.

Game seed: 16949069163319490892

21095 Mesmaeker13 the Geomancer (level 12, -4/59 HPs)
             Began as a Gargoyle Earth Elementalist on June 16, 2023.
             Was a Priest of Vehumet.
             Killed by divine providence
             ... invoked by a meliai
              (12 damage)
             ... on level 2 of the Lair of Beasts.
             The game lasted 00:32:53 (14071 turns).

Mesmaeker13 the Geomancer (GrEE)                   Turns: 14071, Time: 00:32:54

Health: -4/59      AC: 18    Str:  9    XL:     12   Next: 86%
Magic:  16/26      EV: 21    Int: 23    God:    Vehumet [***...]
Gold:   1124       SH:  6    Dex: 10    Spells: 18/31 levels left

rFire   x . .        D - +4 dagger of the Stoat {protect, rElec rC+ Str-3 Int+2}
rCold   + + .        e - +2 buckler {reflect}
rNeg    + . .        a - +0 troll leather armour
rPois   ∞            U - +2 hat
rElec   +            d - scarf {+Inv}
rCorr   .            c - +0 pair of gloves
SInv    .            h - +2 pair of slick slippers {slick, slippery, EV+4}
Will    .....        (no amulet)
Stlth   ++           A - +5 ring of evasion
HPRegen 1.09/turn    J - ring of ice
MPRegen 0.20/turn

%: reflection
@: about to teleport
A: sickness immunity, AC +8, negative energy resistance 1, electricity
resistance, torment resistance 1, petrification resistance
a: Renounce Religion, Evoke Invisibility


You were on level 2 of the Lair of Beasts.
You worshipped Vehumet.
Vehumet was most pleased with you.
You visited 3 branches of the dungeon, and saw 14 of its levels.
You also visited: Ice Cave.

You collected 1124 gold pieces.

Inventory:

Hand Weapons
 D - the +4 dagger of the Stoat (weapon) {protect, rElec rC+ Str-3 Int+2}
   (You found it on level 4 of the Dungeon)

   Str:       It affects your strength (-3).
   Int:       It affects your intelligence (+2).
   rC:        It protects you from cold.
   rElec:     It insulates you from electricity.
 G - a +2 heavy trident
Missiles
 Q - a throwing net
 T - 2 curare-tipped darts (quivered)
Armour
 a - a +0 troll leather armour (worn)
 c - a +0 pair of gloves (worn)
 d - a scarf of invisibility (worn)
 e - a +2 buckler of reflection (worn)
 h - the +2 pair of slick slippers (worn) {slick, slippery, EV+4}
   (You found it on level 1 of the Lair of Beasts)

   Slick:     Its wearer cannot be constricted, engulfed, netted or webbed.
   Slippery:  Its wearer slips away from damaging melee attacks, pulling the
   attacker onward.
   EV:        It affects your evasion (+4).
 m - a +1 kite shield of cold resistance
 K - a +0 pair of boots
 P - a +1 scale mail of cold resistance
 U - a +2 hat (worn)
Magical Staves
 E - a staff of poison
Jewellery
 f - a +6 ring of intelligence
 t - a ring of fire
 y - a ring of resist corrosion
 A - a +5 ring of evasion (left hand)
 J - a ring of ice (right hand)
 Y - a ring of see invisible
 Z - a ring of protection from cold
Wands
 p - a wand of charming (4)
 R - a wand of mindburst (4)
Scrolls
 g - 2 scrolls of magic mapping
 j - 2 scrolls of enchant armour
 l - 3 scrolls of vulnerability
 q - 4 scrolls of teleportation
 s - 2 scrolls of noise {unknown}
 w - a scroll of fog
 z - a scroll of acquirement {unknown}
 B - 2 scrolls of enchant weapon {unknown}
 H - a scroll of butterflies {unknown}
 I - 5 scrolls of poison
 L - 5 scrolls of immolation
 N - a scroll of fear {unknown}
 O - 6 scrolls of blinking {unknown}
 S - 2 scrolls of torment {unknown}
 V - a scroll of amnesia {unknown}
Potions
 b - a potion of magic
 i - 5 potions of might
 k - 2 potions of curing
 n - 4 potions of flight
 o - a potion of attraction {unknown}
 r - a potion of resistance
 u - 3 potions of haste
 v - 2 potions of brilliance {unknown}
 x - a potion of berserk rage
 C - 4 potions of lignification
 F - 2 potions of mutation {unknown}
 M - 4 potions of heal wounds {unknown}


   Skills:
 - Level 5.2 Armour
 + Level 5.1 Dodging
 - Level 2.1 Stealth
 + Level 3.4 Shields
 - Level 10.3 Spellcasting
 + Level 10.8 Conjurations
 + Level 5.1 Transmutations
 + Level 13.6 Earth Magic


You had 18 spell levels left.
You knew the following spells:

 Your Spells              Type           Power      Damage    Failure   Level
a - Sandblast             Erth           100%       2d20      1%          1
b - Stone Arrow           Conj/Erth      100%       3d13      1%          3
c - Petrify               Tmut/Erth      53%        N/A       2%          4
d - Irradiate             Conj/Tmut      24%        3d19      3%          5

Your spell library contained the following spells:

 Spells                   Type           Power      Damage    Failure   Level
 Frozen Ramparts          Ice            34%        1d6       9%          3
 Passwall                 Tmut/Erth      44%        N/A       1%          2
 Summon Small Mammal      Summ           44%        N/A       11%         1
 Call Canine Familiar     Summ           11%        N/A       32%         3
 Gell's Gravitas          Tloc           11%        N/A       32%         3
 Summon Guardian Golem    Hex/Summ       11%        N/A       32%         3
 Teleport Other           Tloc           11%        N/A       32%         3
 Blade Hands              Tmut           17%        N/A       36%         5
 Dispersal                Tloc           5%         N/A       100%        6
 Dragon Form              Tmut           17%        N/A       100%        7


Dungeon Overview and Level Annotations

Branches:
Dungeon (11/15)            Temple (1/1) D:4            Lair (2/5) D:9
    Orc (0/2) D:9           IceCv (visited)
  Swamp: Lair:2-3    Shoals: Lair:2-3     Snake: Lair:2-3    Spider: Lair:2-3

Altars:
Ashenzari
Cheibriados
Dithmenos
Elyvilon
Fedhas
Gozag
Hepliaklqana
Kikubaaqudgha
Makhleb
Nemelex Xobeh
Okawaru
Qazlal
Ru
Sif Muna
Trog
Uskayaw
Vehumet
Wu Jian
Xom
Yredelemnul
Zin
The Shining One

Shops:
D:7 *

Portals:
Trove: D:10 (give 6 scrolls of blinking)

Annotations:
D:6 3 runed translucent doors, HumbleHazard's ghost, novice MiBe
D:9 3 transporters
D:11 2 transporters, NimIero's ghost, journeyman BaBe
Lair:2 Urug


Innate Abilities, Weirdness & Mutations

You are immune to sickness and miasma.
Your stone body is resilient. (AC +8)
You are immune to poison.
You resist negative energy. (rN+)
You are resistant to electric shocks. (rElec)
You are resistant to unholy torment.
You are immune to petrification.


Message History

Unknown command.
You block the killer bee's attack. The meliai closely misses you.
The meliai stings you but does no damage.
You block the water moccasin's attack. The killer bee stings you.
The killer bee stings you but does no damage.
The meliai hits you but does no damage. The meliai misses you.
The water moccasin barely misses you. You block the meliai's attack.
The meliai completely misses you. The killer bee misses you. x2
The killer bee closely misses you. The water moccasin misses you.
The killer bee attacks as you move away!
The killer bee stings you but does no damage.
The killer bee attacks as you move away!
The killer bee barely misses you.
The water moccasin attacks as you move away!
The water moccasin misses you.
An oklob plant comes into view.
Your surroundings suddenly seem different.
Found 14 gold pieces.
The meliai mumbles some strange prayers to its god against you.
Something smites you!
* * * LOW HITPOINT WARNING * * *
The oklob plant moves out of view.
As you read the scroll of teleportation, it crumbles to dust.
You feel strangely unstable.
The meliai calls down the wrath of its god upon you.
Something smites you!
* * * LOW HITPOINT WARNING * * *
Unknown command.
You feel better.
The meliai calls down the wrath of its god upon you.
Something smites you!
* * * LOW HITPOINT WARNING * * *
The killer bee misses you. You block the killer bee's attack.
The water moccasin bites you.
* * * LOW HITPOINT WARNING * * *
You slip backwards!
You feel better.
The meliai calls down the wrath of its god upon you.
Something smites you!
You die...

........~.........
........~≈~~~....... ...
......~~~≈~≈~~.....#.PP#
......~~~~≈≈≈~~~........
#.....~≈≈~.~~~~....P.P.#
.....~≈≈~.<~≈≈≈~..#...P.
.....~≈≈~.†.≈≈~.........
.#P.~~~≈≈~≈≈≈~~.P$P....
......~≈≈≈≈≈≈yyy@.......
#..#[#.~~~~≈~~~S#..#..P#
.........~~..o..........
#........~.P...##.#...#
................. ......
# ......P#......P P.....
..P.............. .....
P#..##..## .... #.#
.##...


You could see Urug, a water moccasin, a meliai and 2 killer bees.

Vanquished Creatures
  A hydra (Lair:2)
  3 two-headed ogres
  Lodul (D:11)
  Pikel (D:6)
  2 ugly things
  5 elephants (Lair:1)
  A cyclops (D:11)
  Maurice (D:11)
  A black mamba (Lair:1)
  Joseph (D:9)
  3 ice statues (IceCv)
  3 cane toads
  An anaconda simulacrum (IceCv)
  A freezing wraith (IceCv)
  4 trolls
  A hornet (D:9)
  18 yaks
  A dire elephant simulacrum (IceCv)
  2 steam dragons
  4 vampire mosquitoes (D:11)
  3 wargs (D:9)
  A hydra simulacrum (IceCv)
  9 water moccasins
  3 orc warriors
  2 black bears
  6 ice beasts
  7 ogres (D:11)
  3 wolves (Lair:1)
  A boggart (D:6)
  3 centaurs
  2 phantoms
  A lemure (D:6)
  2 kobold brigands
  2 gnoll sergeants
  3 bullfrogs
  3 scorpions
  2 cane toad simulacra
  6 wights (D:9)
  2 elephant simulacra (IceCv)
  11 killer bees
  2 howler monkeys (D:10)
  5 electric eels (D:10)
  4 jellies
  12 orc priests
  6 hounds
  A gnoll bouda (D:6)
  5 iguanas
  Ijyb (D:3)
  12 orc wizards
  2 sleepcaps
  A polar bear simulacrum (IceCv)
  A wolf simulacrum (IceCv)
  20 gnolls
  9 adders
  3 white imps
  3 ufetubi
  A worm (D:2)
  3 dart slugs
  44 orcs
  8 ball pythons
  3 endoplasms
  5 giant cockroaches
  8 goblins
  8 hobgoblins
  5 jackals
  8 kobolds
  3 quokkas
  6 bats
  3 frilled lizards
  4 rats
323 creatures vanquished.

Vanquished Creatures (others)
  A plant (Lair:1)
  A withered plant (D:8)
2 creatures vanquished.

Grand Total: 325 creatures vanquished

Notes
Turn   | Place    | Note
-------+----------+-------------------------------------------
     0 | D:1      | Mesmaeker13 the Gargoyle Earth Elementalist began the quest
                  | for the Orb.
     0 | D:1      | Reached XP level 1. HP: 10/10 MP: 3/3
    70 | D:1      | Reached skill level 1 in Transmutations
   172 | D:1      | Reached XP level 2. HP: 14/15 MP: 3/5
   300 | D:1      | Reached skill level 4 in Earth Magic
   967 | D:1      | Reached XP level 3. HP: 19/19 MP: 2/6
  1307 | D:1      | Learned a level 3 spell: Stone Arrow
  1608 | D:2      | Reached skill level 1 in Conjurations
  1685 | D:2      | Reached XP level 4. HP: 24/24 MP: 5/8
  2085 | D:2      | Found a broken altar of Ashenzari.
  2670 | D:3      | Noticed Ijyb
  2685 | D:3      | Killed Ijyb
  2686 | D:3      | Reached XP level 5. HP: 23/28 MP: 3/9
  2801 | D:3      | Reached skill level 5 in Earth Magic
  3373 | D:4      | Reached XP level 6. HP: 32/32 MP: 8/11
  3646 | D:4      | Identified the +4 dagger of the Stoat {protect, rElec rC+
                  | Str-3 Int+2}
  3823 | D:4      | Noticed a black bear
  3831 | D:4      | Killed a black bear
  3832 | D:4      | Reached skill level 6 in Earth Magic
  3921 | D:4      | Found a staircase to the Ecumenical Temple.
  3926 | Temple   | Entered the Ecumenical Temple
  4245 | D:5      | Entered Level 5 of the Dungeon
  4297 | D:5      | Reached XP level 7. HP: 36/36 MP: 11/13
  4537 | D:5      | Found a white marble altar of Elyvilon.
  4540 | D:5      | You fall into a shaft and drop 3 floors!
  4567 | D:8      | Found an ancient bone altar of Kikubaaqudgha.
  4665 | D:7      | Found a bloodstained altar of Trog.
  4843 | D:6      | Reached skill level 5 in Spellcasting
  4843 | D:6      | Reached skill level 5 in Conjurations
  4843 | D:6      | Reached skill level 7 in Earth Magic
  4843 | D:6      | Reached XP level 8. HP: 30/41 MP: 12/15
  5476 | D:5      | Reached skill level 8 in Earth Magic
  5951 | D:6      | Noticed Pikel
  5956 | D:6      | Killed Pikel
  5957 | D:6      | Reached XP level 9. HP: 45/45 MP: 5/18
  6197 | D:6      | Found a runed translucent gate.
  6197 | D:6      | Found a runed translucent gate.
  6197 | D:6      | Found a runed translucent gate.
  6197 | D:6      | Noticed HumbleHazard's ghost (novice MiBe)
  6330 | D:6      | Reached skill level 9 in Earth Magic
  6972 | D:7      | Found an ornate altar of the Wu Jian Council.
  7100 | D:7      | Found a hide-covered altar of Uskayaw.
  7265 | D:7      | Reached skill level 10 in Earth Magic
  7301 | D:7      | Found a hazy altar of Hepliaklqana.
  7402 | D:7      | Found Tesiegiv's Neck Hole.
  7474 | D:7      | Found a glowing golden altar of the Shining One.
  7569 | D:8      | Found a basalt altar of Yredelemnul.
  7588 | D:8      | Reached XP level 10. HP: 50/50 MP: 16/21
  8001 | D:8      | Reached skill level 11 in Earth Magic
  8251 | D:8      | Found a radiant altar of Vehumet.
  8402 | D:8      | Became a worshipper of Vehumet
  8455 | D:8      | Found a blossoming altar of Fedhas.
  8459 | D:8      | Noticed a two-headed ogre
  8465 | D:8      | Killed a two-headed ogre
  8510 | D:8      | Reached skill level 10 in Conjurations
  8846 | D:8      | Learned a level 4 spell: Petrify
  8857 | D:9      | Noticed Joseph
  8869 | D:8      | Reached XP level 11. HP: 47/54 MP: 16/23
  8992 | D:9      | Found a transporter.
  8993 | D:9      | Found a transporter.
  9127 | D:9      | Killed Joseph
  9128 | D:9      | Reached skill level 1 in Armour
  9182 | D:9      | Noticed a two-headed ogre
  9189 | D:9      | Killed a two-headed ogre
  9190 | D:9      | Reached skill level 12 in Earth Magic
  9389 | D:9      | Reached * piety under Vehumet
  9389 | D:9      | Offered knowledge of Freeze by Vehumet.
  9497 | D:9      | Found a staircase to the Orcish Mines.
  9620 | D:9      | Found a transporter.
  9622 | D:9      | Found a transporter.
  9754 | D:9      | Found a staircase to the Lair.
  9939 | D:10     | Entered Level 10 of the Dungeon
  9993 | D:10     | Identified the amulet "Zeluwkai" {Spirit rC+}
 10081 | D:10     | Offered knowledge of Magic Dart by Vehumet.
 10209 | D:10     | Noticed a two-headed ogre
 10215 | D:10     | Killed a two-headed ogre
 10458 | D:10     | Reached ** piety under Vehumet
 10492 | D:10     | Found a portal to a secret trove of treasure.
 10991 | D:11     | Noticed Lodul
 10999 | D:11     | Killed Lodul
 11150 | D:11     | Noticed Maurice
 11160 | D:11     | Killed Maurice
 11396 | D:11     | Noticed a cyclops
 11407 | D:11     | Killed a cyclops
 11407 | D:11     | Offered knowledge of Scorch by Vehumet.
 11464 | D:11     | Found a transporter.
 11466 | D:11     | Noticed a two-headed ogre
 11466 | D:11     | Noticed a moth of wrath
 11466 | D:11     | Noticed a two-headed ogre
 11470 | D:11     | Noticed a two-headed ogre
 11470 | D:11     | Noticed NimIero's ghost (journeyman BaBe)
 11470 | D:11     | Noticed a deep troll
 11471 | D:11     | Found a bloodstained altar of Trog.
 11487 | D:11     | Noticed a cyan ugly thing
 11493 | D:11     | Killed a cyan ugly thing
 11494 | D:11     | Reached XP level 12. HP: 59/59 MP: 15/25
 11681 | D:11     | Found a transporter.
 12014 | Lair:1   | Entered Level 1 of the Lair of Beasts
 12028 | Lair:1   | Learned a level 5 spell: Irradiate
 12116 | Lair:1   | Reached skill level 5 in Armour
 12116 | Lair:1   | Reached skill level 13 in Earth Magic
 12127 | Lair:1   | Found a frozen archway.
 12145 | IceCv    | Entered an ice cave
 12161 | IceCv    | Reached *** piety under Vehumet
 12288 | IceCv    | Reached skill level 10 in Spellcasting
 13013 | IceCv    | Reached skill level 1 in Shields
 13635 | Lair:1   | Offered knowledge of Frozen Ramparts by Vehumet.
 13744 | Lair:1   | Found the +2 pair of slick slippers {slick, slippery, EV+4}
 13992 | Lair:1   | Reached skill level 5 in Transmutations
 13997 | Lair:1   | Reached skill level 5 in Dodging
 14050 | Lair:2   | Noticed a six-headed hydra
 14055 | Lair:2   | Killed a six-headed hydra
 14065 | Lair:2   | Noticed Urug
 14070 | Lair:2   | HP: 1/59 [water moccasin (2)]
 14071 | Lair:2   | Killed from afar by a meliai

Illustrated notes

Levels and vault maps discovered:
D:1:      saegor_arrival_simple_d, layout_basic, minmay_tetromino_o4
D:2:      layout_basic, basic_altar
D:3:      layout_rooms, uniq_ijyb
D:4:      cheibrodos_pilgrimage, layout_loops_ring, temple_statues
D:5:      layout_basic, mainiacjoe_overflow_concentric_impassable,
          hellmonk_no_cap
D:6:      minmay_bubble_buster, layout_layer_cave, ebering_ghost_rock_garden,
          uniq_sigmund, uniq_maggie, uniq_pikel
D:7:      layout_rooms, tso_metal_star, old_standard_altar,
          mainiacjoe_overflow_catwalk_spiral, mainiacjoe_overflow_alcove_1,
          chequers_serial_rivers_micro_a, nicolae_shop_sticking_my_neck_out
D:8:      layout_basic, marbit_many_paths, mainiacjoe_overflow_paths,
          kiku_gazebo_garden_becter, mainiacjoe_overflow_brackets
D:9:      layout_cave_pools, erik_lair_orcish_takeover, grunt_decor_fettered,
          nicolae_diode_quadrants, uniq_joseph
D:10:     layout_loops_ring, enter_trove_0, kennysheep_boxes
D:11:     layout_loops_corners, gammafunk_ghost_wrathful_warriors, uniq_lodul,
          uniq_maurice
Temple:   nicolae_temple_godzebo
Lair:1:   layout_roguey, portal_ice_cave_entry_ice_simulacra,
          chequers_serial_rivers_room_b, grunt_megastairs_5, lemuel_fruit_tree
Lair:2:   beast_lair_carwin_large_2, layout_long_grid,
          hellmonk_spider_entry_not_the_bees, gammafunk_ghost_berserking_beasts,
          disabler_island, infiniplex_staircase_pool_2, uniq_gastronok,
          uniq_urug

Skill      XL: |  1  2  3  4  5  6  7  8  9 10 11 12 |
---------------+-------------------------------------+-----
Transmutations | 1 3 5 |  5.1
Earth Magic    | 4 5 6 7 8 10 11 12 13 | 13.6
Conjurations   | 1 2 3 5 7 8 10 | 10.8
Spellcasting   | 3 4 5 6 7 8 9 10 | 10.3
Armour         | 4 5 |  5.2
Dodging        | 3 5 |  5.1
Shields        | 3 |  3.4
Stealth        | |  2.1

Action                     |  1- 3 |  4- 6 |  7- 9 | 10-12 || total
---------------------------+-------+-------+-------+-------++-------
  Melee: Short sword       |    16 |       |       |       ||    16
         Mace              |       |     1 |       |       ||     1
         Dagger            |       |     4 |    20 |    36 ||    60
  Throw: Dart              |       |     8 |       |    30 ||    38
         Throwing net      |       |       |       |     3 ||     3
   Cast: Sandblast         |    47 |    83 |   118 |   225 ||   473
         Stone Arrow       |       |       |    32 |   141 ||   173
         Petrify           |       |       |       |     2 ||     2
  Evoke: Wand              |       |     2 |    28 |    40 ||    70
    Use: Scroll            |       |     7 |     2 |     7 ||    16
         Potion            |       |       |       |     7 ||     7
 Armour: Robe              |    17 |     8 |    28 |    14 ||    67
         Troll leather arm |       |       |       |    95 ||    95
  Dodge: Dodged            |    21 |    14 |    79 |   251 ||   365
  Block: Buckler           |       |       |       |    15 ||    15
